 Dungeon Crawl Stone Soup version bcrawl-1.19.1 (webtiles) character file.

Game seed: 16609568435159801765

107 Mrkan the Skirmisher (level 4, -1/41 HPs)
             Began as a Minotaur Fighter on Nov 26, 2019.
             Was an Initiate of Dithmenos.
             Slain by Sigmund
             ... wielding a +0 scythe
              (4 damage)
             ... on level 3 of the Dungeon.
             The game lasted 00:02:58 (1765 turns).

Mrkan the Skirmisher (Minotaur Fighter)             Turns: 1765, Time: 00:02:58

Health: -1/41      AC:  7    Str: 25    XL:     4   Next: 57%
Magic:  3/3        EV:  7    Int:  6    God:    Dithmenos [......]
Gold:   169        SH: 10    Dex: 10    Spells: 3/3 levels left

rFire    . . .     SeeInvis .   a - +0 war axe
rCold    . . .     Gourm    .   c - +0 shield
rNeg     . . .     Faith    .   b - +0 scale mail
rPois    .         Spirit   .   (helmet restricted)
rElec    .         Reflect  .   (no cloak)
rCorr    .         Harm     .   (no gloves)
MR       .....                  (no boots)
Stlth    ..........             (no amulet)
HPRegen  0.13/turn              (no ring)
MPRegen  0.08/turn              (no ring)

@: mighty
A: retaliatory headbutt, horns 2
a: Renounce Religion


You were on level 3 of the Dungeon.
You worshipped Dithmenos.
Dithmenos was noncommittal.
You were not hungry.

You visited 1 branch of the dungeon, and saw 3 of its levels.

You collected 169 gold pieces.

Inventory:

Hand Weapons
 a - a +0 war axe (weapon)
 j - a cursed -1 hunting sling
Armour
 b - a +0 scale mail (worn)
 c - a +0 shield (worn)
Jewellery
 g - an uncursed ring of protection from cold {unknown}
Wands
 m - a wand of flame (13)
Scrolls
 e - 3 scrolls of remove curse {unknown}
 h - 3 scrolls of identify {unknown}
 k - a scroll of fog {unknown}
 l - 2 scrolls of teleportation {unknown}
 n - 2 scrolls of enchant weapon {unknown}
 o - a scroll of magic mapping {unknown}
Potions
 i - 2 potions of lignification {unknown}
 p - a potion of curing {unknown}
Comestibles
 f - 3 rations {!d}


   Skills:
 + Level 4.3 Fighting
 * Level 4.1 Axes
 + Level 4.3 Armour
 + Level 4.3 Shields


You had 3 spell levels left.
You didn't know any spells.
Your spell library was empty.

Dungeon Overview and Level Annotations

Branches:
Dungeon (3/12)

Altars:
Dithmenos
Elyvilon
Wu Jian
Xom

Annotations:
D:3 Sigmund


Innate Abilities, Weirdness & Mutations

You reflexively headbutt those who attack you in melee.
You have a pair of horns on your head.


Message History

You miss something. You barely miss the kobold. You block the kobold's attack.
Something hits you but does no damage.
You closely miss something. You closely miss the kobold.
The kobold hits you but does no damage. Something hits you!
* * * LOW HITPOINT WARNING * * *
You miss something. You slash the kobold!
You kill the kobold!
Dithmenos accepts your kill.
You hit something. You block something's attack.
You barely miss something. Something hits you.
* * * LOW HITPOINT WARNING * * *
You miss something. You headbutt something. Something hits you.
* * * LOW HITPOINT WARNING * * *
You feel very mighty all of a sudden. Something hits you but does no damage.
You barely miss something.
You hear some strange, mumbled words.
Something tries to affect you, but you resist.
You closely miss something. You headbutt something! Something hits you.
You die...

#...... ##...⌠...⌠
#.........
##########..⌠...>..
....................
#.......[.......⌠...⌠
#....................
#..........†.........
#...........)@....... #
#............{†......
####................[...
...#....................
...#................<...
...#....................
####....................
# #....................
#.................


There were no monsters in sight!

Vanquished Creatures
  Robin (D:3)
  An ooze (D:3)
  A worm (D:1)
  3 dart slugs
  2 leopard geckos (D:1)
  An orc (D:3)
  A giant cockroach (D:2)
  16 goblins
  12 hobgoblins
  7 jackals
  2 quokkas
  8 bats
  2 frilled lizards (D:3)
  10 kobolds
  4 rats
71 creatures vanquished.

Notes
Turn   | Place    | Note
-------+----------+-------------------------------------------
     0 | D:1      | Mrkan the Minotaur Fighter began the quest for the Orb.
     0 | D:1      | Reached XP level 1. HP: 19/19 MP: 0/0
   108 | D:1      | Reached XP level 2. HP: 27/27 MP: 1/1
   436 | D:1      | Reached XP level 3. HP: 18/33 MP: 2/2
  1393 | D:2      | Found a shadowy altar of Dithmenos.
  1414 | D:2      | Became a worshipper of Dithmenos the Shadowed
  1449 | D:3      | Found a faded altar of an unknown god.
  1512 | D:3      | Noticed Robin
  1514 | D:3      | Reached XP level 4. HP: 40/40 MP: 3/3
  1525 | D:3      | Killed Robin
  1721 | D:3      | Found a white marble altar of Elyvilon.
  1721 | D:3      | Found a shimmering altar of Xom.
  1721 | D:3      | Found an ornate altar of the Wu Jian Council.
  1745 | D:3      | Noticed Sigmund
  1762 | D:3      | HP: 2/41 [something (2)]
  1765 | D:3      | Slain by Sigmund

Skill      XL: |  1  2  3  4 |
---------------+-------------+-----
Axes           | 3 4 |  4.1
Shields        | 4 |  4.3
Fighting       | 4 |  4.3
Armour         | 4 |  4.3

Action                   |  1- 3 |  4- 6 || total
-------------------------+-------+-------++-------
Melee: War axe           |   117 |    29 ||   146
       Headbutt          |    10 |     5 ||    15
  Use: Potion            |       |     1 ||     1
  Eat: Chunk             |     2 |     1 ||     3
Armor: Scale mail        |    78 |    20 ||    98
Dodge: Dodged            |    42 |     8 ||    50
Block: Shield            |    56 |    18 ||    74
